[ PARTIDA AOE2 · #475810270 ]
Team RMVietnamitas vs Spanish
[ ANÁLISIS DE REPETICIÓN · EXTRAÍDO DE LA PARTIDA GRABADA ]
Feudal
10:56
Castillos
14:26
Imperial
31:29
| APM promedio | 36.2 |
| APM pico | 83 |
| eAPM promedio | 17.1 |
| Aldeanos / militares | 142 / 317 |
Foco
⚔️ 35.0% · 🌾 65.0%
Scout Cavalry ×91 · Fire Lancer ×63 · Skirmisher ×54 · Spearman ×44 · Battle Elephant ×18 · Rattan Archer ×15
Feudal
11:00
Castillos
16:16
Imperial
30:26
| APM promedio | 29.9 |
| APM pico | 61 |
| eAPM promedio | 17.1 |
| Aldeanos / militares | 144 / 247 |
Foco
⚔️ 43.0% · 🌾 57.0%
Knight ×131 · Skirmisher ×87 · Scout Cavalry ×22 · Trade Cart ×9 · Trebuchet (Packed) ×6 · Petard ×1
Feudal
12:38
Castillos
16:33
Imperial
29:01
| APM promedio | 37.3 |
| APM pico | 96 |
| eAPM promedio | 21.4 |
| Aldeanos / militares | 157 / 43 |
Foco
⚔️ 45.7% · 🌾 54.3%
Unknown (1920) ×215 · Battering Ram ×16 · Iron Pagoda ×14 · Spearman ×6 · Monk ×4 · Trebuchet (Packed) ×3
Feudal
12:07
Castillos
16:12
Imperial
30:08
| APM promedio | 46.8 |
| APM pico | 107 |
| eAPM promedio | 17.5 |
| Aldeanos / militares | 164 / 143 |
Foco
⚔️ 32.7% · 🌾 67.3%
Knight ×60 · Spearman ×40 · Conquistador ×23 · Scout Cavalry ×17 · Trebuchet (Packed) ×3
Mapa de la partida
Recursos iniciales + cada clic de construcción. Líneas = muros · curvas = relieve. ◆ oro · ⬟ piedra · ● bayas · ✦ reliquia · ◌ hueco del cierre
Tu base· ✓ Cerrada en 14:26 · 0t muro · 2 puerta(s)
Base de BoomSex· ✓ Cerrada en 16:16 · 0t muro · 2 puerta(s)
Base de SemperBlender· ✓ Cerrada en 16:33 · 0t muro · 2 puerta(s)
Base de xiaorxl425· ✓ Cerrada en 16:12 · 0t muro · 3 puerta(s)
Terreno inicial suavizado · ◌ = hueco del cierre detectado · pasá el cursor para detalles
Inputs por minuto
— KaiTakuSha - - BoomSex
Build order — KaiTakuSha
Primeras 150 de 500 acciones detectadas
| 0:01 | Crear | Villager (Male) |
| 0:01 | Crear | Villager (Male) |
| 0:01 | Crear | Villager (Male) |
| 0:02 | Crear | Villager (Male) |
| 0:02 | Construir | House |
| 0:06 | Construir | House |
| 1:34 | Crear | Villager (Male) |
| 1:49 | Construir | Lumber Camp |
| 2:05 | Crear | Villager (Male) |
| 2:05 | Crear | Villager (Male) |
| 2:49 | Crear | Villager (Male) |
| 3:16 | Crear | Villager (Male) |
| 3:17 | Crear | Villager (Male) |
| 3:31 | Construir | House |
| 3:32 | Construir | House |
| 3:34 | Construir | House |
| 3:40 | Crear | Villager (Male) |
| 4:20 | Construir | Mill |
| 4:33 | Crear | Villager (Male) |
| 4:34 | Crear | Villager (Male) |
| 4:58 | Crear | Villager (Male) |
| 5:26 | Crear | Villager (Male) |
| 5:45 | Crear | Villager (Male) |
| 5:45 | Crear | Villager (Male) |
| 6:21 | Crear | Villager (Male) |
| 6:21 | Crear | Villager (Male) |
| 6:54 | Crear | Villager (Male) |
| 6:54 | Crear | Villager (Male) |
| 6:58 | Construir | Farm |
| 6:59 | Construir | Farm |
| 7:00 | Construir | Farm |
| 7:10 | Construir | Farm |
| 7:13 | Crear | Villager (Male) |
| 7:13 | Crear | Villager (Male) |
| 8:08 | Construir | Mining Camp |
| 8:15 | Crear | Villager (Male) |
| 8:29 | Investigar | Feudal Age |
| 9:08 | Crear | Villager (Male) |
| 9:08 | Crear | Villager (Male) |
| 10:14 | Construir | Farm |
| 10:56 | Edad | Edad Feudal |
| 10:58 | Construir | Market |
| 11:00 | Construir | Blacksmith |
| 11:10 | Construir | House |
| 11:16 | Construir | House |
| 11:33 | Investigar | Double-Bit Axe |
| 11:45 | Investigar | Castle Age |
| 11:45 | Investigar | Castle Age |
| 12:23 | Crear | Villager (Male) |
| 12:23 | Crear | Villager (Male) |
| 12:31 | Investigar | Horse Collar |
| 13:06 | Construir | House |
| 14:26 | Edad | Edad de los Castillos |
| 14:28 | Construir | Town Center |
| 14:38 | Construir | Siege Workshop |
| 14:44 | Crear | Villager (Male) |
| 14:46 | Investigar | Bow Saw |
| 14:48 | Investigar | Heavy Plow |
| 14:59 | Construir | Farm |
| 15:03 | Construir | Farm |
| 15:06 | Construir | Farm |
| 15:10 | Investigar | Loom |
| 15:14 | Crear | Villager (Male) |
| 15:30 | Construir | House |
| 15:31 | Construir | House |
| 15:33 | Crear | Villager (Male) |
| 15:46 | Crear | Villager (Male) |
| 15:53 | Construir | Farm |
| 15:56 | Crear | Villager (Male) |
| 16:08 | Crear | Mangonel |
| 16:12 | Crear | Villager (Male) |
| 16:20 | Construir | Farm |
| 16:27 | Construir | Farm |
| 16:30 | Crear | Villager (Male) |
| 16:48 | Construir | House |
| 16:53 | Construir | Farm |
| 16:57 | Crear | Villager (Male) |
| 17:07 | Construir | House |
| 17:15 | Construir | Farm |
| 17:16 | Crear | Villager (Male) |
| 17:17 | Crear | Villager (Male) |
| 17:21 | Construir | House |
| 17:23 | Construir | House |
| 17:24 | Crear | Villager (Male) |
| 17:34 | Construir | Farm |
| 17:37 | Crear | Villager (Male) |
| 17:46 | Construir | Farm |
| 17:48 | Crear | Villager (Male) |
| 17:55 | Construir | Farm |
| 17:56 | Crear | Villager (Male) |
| 17:57 | Crear | Villager (Male) |
| 18:06 | Construir | House |
| 18:07 | Construir | House |
| 18:15 | Construir | Farm |
| 18:16 | Construir | Farm |
| 18:17 | Construir | Farm |
| 18:25 | Construir | Farm |
| 18:36 | Crear | Villager (Male) |
| 18:48 | Crear | Villager (Male) |
| 18:49 | Crear | Villager (Male) |
| 19:02 | Construir | Town Center |
| 19:03 | Crear | Villager (Male) |
| 19:08 | Crear | Villager (Male) |
| 19:08 | Crear | Villager (Male) |
| 19:18 | Construir | Farm |
| 19:21 | Construir | Farm |
| 19:28 | Construir | House |
| 19:30 | Crear | Villager (Male) |
| 19:30 | Crear | Villager (Male) |
| 19:35 | Investigar | Loom |
| 19:40 | Crear | Villager (Male) |
| 19:40 | Crear | Villager (Male) |
| 19:42 | Investigar | Wheelbarrow |
| 20:01 | Construir | Monastery |
| 20:03 | Crear | Villager (Male) |
| 20:08 | Construir | Outpost |
| 20:11 | Construir | Outpost |
| 20:12 | Construir | Outpost |
| 20:14 | Construir | Outpost |
| 20:16 | Construir | Outpost |
| 20:17 | Construir | Outpost |
| 20:19 | Crear | Villager (Male) |
| 20:20 | Crear | Villager (Male) |
| 20:25 | Construir | House |
| 20:26 | Construir | House |
| 20:27 | Construir | House |
| 20:40 | Construir | Lumber Camp |
| 20:44 | Crear | Villager (Male) |
| 20:44 | Crear | Villager (Male) |
| 21:04 | Construir | Farm |
| 21:05 | Crear | Villager (Male) |
| 21:05 | Crear | Villager (Male) |
| 21:34 | Crear | Villager (Male) |
| 21:39 | Crear | Monk |
| 21:44 | Crear | Villager (Male) |
| 21:44 | Crear | Villager (Male) |
| 21:48 | Construir | Barracks |
| 22:02 | Crear | Villager (Male) |
| 22:03 | Crear | Villager (Male) |
| 22:33 | Crear | Villager (Male) |
| 22:33 | Crear | Villager (Male) |
| 22:35 | Crear | Villager (Male) |
| 22:36 | Crear | Villager (Male) |
| 22:44 | Construir | Barracks |
| 22:48 | Crear | Fire Lancer ×5 |
| 22:48 | Crear | Fire Lancer ×5 |
| 22:52 | Investigar | Scale Barding Armor |
| 22:54 | Investigar | Scale Mail Armor |
| 22:54 | Investigar | Forging |
| 22:55 | Crear | Villager (Male) |
Build order — BoomSex
Primeras 150 de 540 acciones detectadas
| 0:03 | Crear | Villager (Male) |
| 0:03 | Crear | Villager (Male) |
| 0:04 | Crear | Villager (Male) |
| 0:04 | Crear | Villager (Male) |
| 0:04 | Crear | Villager (Male) |
| 1:32 | Crear | Villager (Male) |
| 1:32 | Crear | Villager (Male) |
| 1:44 | Crear | Villager (Male) |
| 2:22 | Crear | Villager (Male) |
| 2:44 | Crear | Villager (Male) |
| 2:55 | Crear | Villager (Male) |
| 3:13 | Construir | Lumber Camp |
| 3:24 | Crear | Villager (Male) |
| 3:52 | Crear | Villager (Male) |
| 4:40 | Crear | Villager (Male) |
| 4:41 | Crear | Villager (Male) |
| 4:41 | Crear | Villager (Male) |
| 4:51 | Construir | Mill |
| 5:50 | Crear | Villager (Male) |
| 5:50 | Crear | Villager (Male) |
| 6:03 | Crear | Villager (Male) |
| 6:24 | Crear | Villager (Male) |
| 6:44 | Crear | Villager (Male) |
| 7:15 | Construir | Farm |
| 7:16 | Construir | Farm |
| 7:18 | Construir | Farm |
| 7:20 | Construir | Farm |
| 7:51 | Crear | Villager (Male) |
| 7:52 | Crear | Villager (Male) |
| 8:46 | Investigar | Feudal Age |
| 8:46 | Investigar | Feudal Age |
| 9:00 | Construir | Mining Camp |
| 10:15 | Crear | Villager (Male) |
| 10:16 | Crear | Villager (Male) |
| 10:16 | Crear | Villager (Male) |
| 10:40 | Crear | Villager (Male) |
| 11:00 | Edad | Edad Feudal |
| 11:09 | Construir | Market |
| 11:40 | Construir | Blacksmith |
| 12:48 | Construir | Farm |
| 12:49 | Construir | Farm |
| 13:36 | Investigar | Castle Age |
| 13:37 | Investigar | Castle Age |
| 13:52 | Investigar | Double-Bit Axe |
| 13:54 | Investigar | Horse Collar |
| 13:55 | Investigar | Horse Collar |
| 13:58 | Investigar | Gold Mining |
| 13:58 | Investigar | Gold Mining |
| 14:22 | Construir | Farm |
| 14:24 | Construir | Farm |
| 14:42 | Construir | Farm |
| 14:46 | Investigar | Stone Mining |
| 15:29 | Investigar | Forging |
| 15:33 | Investigar | Scale Barding Armor |
| 15:57 | Crear | Villager (Male) |
| 15:58 | Crear | Villager (Male) |
| 15:58 | Crear | Villager (Male) |
| 15:58 | Crear | Villager (Male) |
| 15:58 | Crear | Villager (Male) |
| 16:16 | Edad | Edad de los Castillos |
| 16:24 | Construir | Town Center |
| 16:27 | Crear | Villager (Male) |
| 16:27 | Crear | Villager (Male) |
| 16:27 | Crear | Villager (Male) |
| 16:47 | Construir | Town Center |
| 16:57 | Construir | Farm |
| 17:45 | Construir | Barracks |
| 18:39 | Crear | Villager (Male) |
| 18:40 | Crear | Villager (Male) |
| 18:41 | Crear | Villager (Male) |
| 18:41 | Crear | Villager (Male) |
| 18:44 | Crear | Villager (Male) |
| 18:44 | Crear | Villager (Male) |
| 18:49 | Investigar | Bow Saw |
| 18:49 | Investigar | Bow Saw |
| 19:11 | Construir | Farm |
| 19:12 | Construir | Farm |
| 19:14 | Construir | Farm |
| 19:21 | Construir | Farm |
| 19:23 | Crear | Villager (Male) |
| 19:24 | Crear | Villager (Male) |
| 19:27 | Crear | Villager (Male) |
| 19:39 | Crear | Villager (Male) |
| 19:44 | Construir | Farm |
| 19:45 | Construir | Farm |
| 19:53 | Construir | Stable |
| 20:02 | Crear | Villager (Male) |
| 20:03 | Crear | Villager (Male) |
| 20:15 | Crear | Villager (Male) |
| 20:27 | Crear | Villager (Male) |
| 20:37 | Construir | Stable |
| 20:41 | Crear | Villager (Male) |
| 20:41 | Crear | Villager (Male) |
| 20:50 | Crear | Villager (Male) |
| 21:11 | Construir | Farm |
| 21:12 | Construir | Farm |
| 21:13 | Construir | Farm |
| 21:14 | Construir | Farm |
| 21:26 | Crear | Villager (Male) |
| 21:27 | Crear | Villager (Male) |
| 21:28 | Crear | Villager (Male) |
| 21:47 | Crear | Villager (Male) |
| 21:47 | Crear | Villager (Male) |
| 21:55 | Crear | Villager (Male) |
| 22:03 | Construir | Farm |
| 22:04 | Construir | Farm |
| 22:10 | Crear | Villager (Male) |
| 22:10 | Crear | Villager (Male) |
| 22:16 | Crear | Villager (Male) |
| 22:27 | Construir | Farm |
| 22:28 | Construir | Farm |
| 22:29 | Construir | Farm |
| 22:30 | Construir | Farm |
| 22:36 | Crear | Villager (Male) |
| 22:36 | Crear | Villager (Male) |
| 22:48 | Investigar | Bloodlines |
| 23:05 | Crear | Knight |
| 23:06 | Crear | Knight |
| 23:23 | Crear | Knight |
| 23:26 | Crear | Knight |
| 23:32 | Construir | Farm |
| 23:42 | Crear | Villager (Male) |
| 23:44 | Crear | Villager (Male) |
| 23:58 | Construir | Castle |
| 24:02 | Crear | Knight |
| 24:02 | Crear | Knight |
| 24:06 | Crear | Knight |
| 24:10 | Crear | Villager (Male) |
| 24:10 | Crear | Villager (Male) |
| 24:13 | Crear | Villager (Male) |
| 24:30 | Crear | Villager (Male) |
| 24:31 | Crear | Villager (Male) |
| 24:47 | Construir | Farm |
| 24:48 | Construir | Farm |
| 24:49 | Construir | Farm |
| 25:00 | Construir | Farm |
| 25:02 | Construir | Farm |
| 25:04 | Construir | Farm |
| 25:05 | Construir | Farm |
| 25:06 | Construir | Farm |
| 25:22 | Investigar | Wheelbarrow |
| 25:24 | Crear | Villager (Male) |
| 25:24 | Crear | Villager (Male) |
| 25:25 | Crear | Villager (Male) |
| 25:51 | Crear | Villager (Male) |
| 25:52 | Crear | Villager (Male) |
| 26:05 | Crear | Trade Cart |
| 26:06 | Crear | Trade Cart |
| 26:21 | Investigar | Caravan |
| 26:35 | Construir | Town Center |
Build order — SemperBlender
Primeras 150 de 465 acciones detectadas
| 0:02 | Crear | Villager (Male) |
| 0:03 | Crear | Villager (Male) |
| 0:03 | Crear | Villager (Male) |
| 0:03 | Crear | Villager (Male) |
| 0:05 | Construir | House |
| 0:07 | Construir | House |
| 0:09 | Construir | House |
| 1:53 | Crear | Villager (Male) |
| 1:53 | Crear | Villager (Male) |
| 1:54 | Crear | Villager (Male) |
| 2:10 | Crear | Villager (Male) |
| 2:23 | Construir | Lumber Camp |
| 2:50 | Crear | Villager (Male) |
| 3:05 | Crear | Villager (Male) |
| 3:33 | Crear | Villager (Male) |
| 3:58 | Crear | Villager (Male) |
| 3:59 | Crear | Villager (Male) |
| 4:38 | Crear | Villager (Male) |
| 4:38 | Crear | Villager (Male) |
| 5:07 | Crear | Villager (Male) |
| 5:07 | Crear | Villager (Male) |
| 5:38 | Crear | Villager (Male) |
| 5:50 | Crear | Villager (Male) |
| 5:53 | Construir | House |
| 6:40 | Crear | Villager (Male) |
| 7:16 | Crear | Villager (Male) |
| 7:17 | Crear | Villager (Male) |
| 7:17 | Crear | Villager (Male) |
| 7:52 | Crear | Villager (Male) |
| 7:52 | Crear | Villager (Male) |
| 7:54 | Construir | House |
| 8:14 | Crear | Villager (Male) |
| 8:27 | Crear | Villager (Male) |
| 8:56 | Construir | Mill |
| 9:38 | Construir | House |
| 9:40 | Construir | House |
| 9:42 | Construir | House |
| 9:54 | Construir | Mining Camp |
| 10:01 | Construir | Pasture |
| 10:07 | Construir | Pasture |
| 10:18 | Construir | Pasture |
| 10:28 | Investigar | Feudal Age |
| 10:41 | Crear | Villager (Male) |
| 10:55 | Construir | Pasture |
| 11:45 | Crear | Villager (Male) |
| 11:48 | Construir | Pasture |
| 12:38 | Edad | Edad Feudal |
| 12:42 | Construir | Market |
| 12:48 | Crear | Villager (Male) |
| 13:03 | Construir | Blacksmith |
| 13:07 | Investigar | Double-Bit Axe |
| 13:13 | Investigar | Tech 1014 |
| 13:42 | Investigar | Castle Age |
| 14:00 | Investigar | Gold Mining |
| 14:23 | Crear | Villager (Male) |
| 14:24 | Crear | Villager (Male) |
| 16:08 | Investigar | Stone Mining |
| 16:33 | Edad | Edad de los Castillos |
| 16:35 | Construir | Monastery |
| 16:38 | Investigar | Tech 1013 |
| 16:40 | Investigar | Bow Saw |
| 16:43 | Investigar | Wheelbarrow |
| 16:46 | Crear | Villager (Male) |
| 16:51 | Construir | Town Center |
| 17:10 | Crear | Villager (Male) |
| 17:17 | Crear | Monk |
| 17:20 | Crear | Monk |
| 17:50 | Construir | Town Center |
| 18:26 | Crear | Villager (Male) |
| 18:27 | Crear | Villager (Male) |
| 18:30 | Crear | Villager (Male) |
| 18:30 | Crear | Villager (Male) |
| 18:32 | Crear | Villager (Male) |
| 18:58 | Crear | Monk |
| 19:01 | Crear | Villager (Male) |
| 19:01 | Crear | Villager (Male) |
| 19:09 | Construir | Pasture |
| 19:17 | Construir | Pasture |
| 19:18 | Crear | Villager (Male) |
| 19:18 | Crear | Villager (Male) |
| 19:26 | Investigar | Hand Cart |
| 19:29 | Crear | Villager (Male) |
| 19:39 | Investigar | Loom |
| 19:49 | Crear | Villager (Male) |
| 19:50 | Crear | Villager (Male) |
| 19:52 | Crear | Villager (Male) |
| 19:54 | Crear | Villager (Male) |
| 19:54 | Crear | Villager (Male) |
| 19:55 | Crear | Villager (Male) |
| 20:00 | Construir | House |
| 20:11 | Crear | Villager (Male) |
| 20:11 | Crear | Villager (Male) |
| 20:27 | Crear | Villager (Male) |
| 20:28 | Crear | Villager (Male) |
| 20:32 | Construir | Lumber Camp |
| 20:51 | Crear | Villager (Male) |
| 20:51 | Crear | Villager (Male) |
| 21:07 | Crear | Villager (Male) |
| 21:08 | Crear | Villager (Male) |
| 21:08 | Crear | Villager (Male) |
| 21:21 | Investigar | Stone Shaft Mining |
| 21:28 | Construir | Pasture |
| 21:43 | Crear | Villager (Male) |
| 21:44 | Crear | Villager (Male) |
| 22:29 | Crear | Villager (Male) |
| 22:29 | Crear | Villager (Male) |
| 22:33 | Construir | House |
| 22:34 | Construir | House |
| 22:35 | Construir | House |
| 22:36 | Construir | House |
| 22:36 | Construir | House |
| 22:37 | Construir | House |
| 22:38 | Construir | House |
| 22:39 | Construir | House |
| 22:44 | Construir | Pasture |
| 22:46 | Crear | Villager (Male) |
| 22:46 | Crear | Villager (Male) |
| 22:50 | Investigar | Town Watch |
| 22:50 | Crear | Villager (Male) |
| 22:55 | Construir | Pasture |
| 22:58 | Construir | Pasture |
| 23:04 | Construir | House |
| 23:05 | Construir | House |
| 23:15 | Crear | Villager (Male) |
| 23:15 | Crear | Villager (Male) |
| 23:29 | Crear | Villager (Male) |
| 23:29 | Crear | Villager (Male) |
| 23:32 | Crear | Villager (Male) |
| 23:33 | Crear | Villager (Male) |
| 23:37 | Construir | Mining Camp |
| 23:40 | Crear | Villager (Male) |
| 23:40 | Crear | Villager (Male) |
| 23:46 | Construir | Pasture |
| 23:53 | Construir | Pasture |
| 23:55 | Crear | Villager (Male) |
| 23:56 | Crear | Villager (Male) |
| 24:00 | Construir | Pasture |
| 24:05 | Construir | Pasture |
| 24:33 | Crear | Villager (Male) |
| 24:33 | Crear | Villager (Male) |
| 24:45 | Construir | University |
| 24:54 | Construir | Lumber Camp |
| 24:58 | Crear | Villager (Male) |
| 24:58 | Crear | Villager (Male) |
| 25:02 | Crear | Villager (Male) |
| 25:07 | Crear | Villager (Male) |
| 25:15 | Construir | Mining Camp |
| 25:21 | Construir | Pasture |
| 25:28 | Construir | Town Center |
| 25:47 | Crear | Villager (Male) |
Build order — xiaorxl425
Primeras 150 de 550 acciones detectadas
| 0:02 | Crear | Villager (Male) |
| 0:02 | Crear | Villager (Male) |
| 0:02 | Crear | Villager (Male) |
| 0:02 | Crear | Villager (Male) |
| 0:02 | Crear | Villager (Male) |
| 0:04 | Construir | House |
| 0:05 | Construir | House |
| 1:38 | Crear | Villager (Male) |
| 1:58 | Crear | Villager (Male) |
| 1:58 | Crear | Villager (Male) |
| 2:25 | Construir | Lumber Camp |
| 2:40 | Crear | Villager (Male) |
| 2:41 | Crear | Villager (Male) |
| 3:03 | Crear | Villager (Male) |
| 3:03 | Crear | Villager (Male) |
| 3:03 | Crear | Villager (Male) |
| 3:42 | Construir | House |
| 3:55 | Crear | Villager (Male) |
| 3:55 | Crear | Villager (Male) |
| 3:55 | Crear | Villager (Male) |
| 4:12 | Construir | House |
| 4:36 | Construir | House |
| 5:33 | Crear | Villager (Male) |
| 5:34 | Crear | Villager (Male) |
| 5:34 | Crear | Villager (Male) |
| 5:34 | Crear | Villager (Male) |
| 5:34 | Crear | Villager (Male) |
| 6:24 | Construir | Mill |
| 6:37 | Crear | Villager (Male) |
| 6:37 | Crear | Villager (Male) |
| 8:14 | Construir | Mining Camp |
| 8:17 | Crear | Villager (Male) |
| 8:17 | Crear | Villager (Male) |
| 8:18 | Crear | Villager (Male) |
| 8:20 | Crear | Villager (Male) |
| 9:05 | Investigar | Feudal Age |
| 10:44 | Crear | Villager (Male) |
| 10:44 | Crear | Villager (Male) |
| 11:41 | Construir | Farm |
| 12:07 | Edad | Edad Feudal |
| 12:34 | Construir | Market |
| 12:43 | Construir | Blacksmith |
| 12:56 | Investigar | Loom |
| 13:07 | Investigar | Double-Bit Axe |
| 13:11 | Investigar | Horse Collar |
| 13:32 | Investigar | Castle Age |
| 14:06 | Construir | Farm |
| 14:07 | Construir | Farm |
| 14:08 | Construir | Farm |
| 14:09 | Construir | Farm |
| 15:59 | Crear | Villager (Male) |
| 15:59 | Crear | Villager (Male) |
| 16:05 | Investigar | Gold Mining |
| 16:12 | Edad | Edad de los Castillos |
| 16:24 | Construir | Town Center |
| 17:11 | Construir | Castle |
| 17:33 | Construir | Town Center |
| 17:41 | Investigar | Wheelbarrow |
| 18:05 | Investigar | Heavy Plow |
| 18:12 | Investigar | Bow Saw |
| 18:29 | Crear | Villager (Male) |
| 18:29 | Crear | Villager (Male) |
| 18:29 | Crear | Villager (Male) |
| 19:14 | Construir | Farm |
| 19:14 | Construir | Farm |
| 19:14 | Construir | Farm |
| 19:15 | Construir | Farm |
| 19:15 | Construir | Farm |
| 19:29 | Construir | Farm |
| 19:34 | Crear | Conquistador |
| 19:36 | Crear | Villager (Male) |
| 20:06 | Construir | Farm |
| 20:07 | Construir | Farm |
| 20:09 | Construir | Farm |
| 20:21 | Crear | Conquistador |
| 20:22 | Crear | Villager (Male) |
| 20:22 | Crear | Villager (Male) |
| 21:00 | Crear | Conquistador |
| 21:01 | Crear | Villager (Male) |
| 21:01 | Crear | Villager (Male) |
| 21:01 | Crear | Villager (Male) |
| 21:20 | Construir | Farm |
| 21:20 | Construir | Farm |
| 21:20 | Construir | Farm |
| 21:20 | Construir | Farm |
| 21:21 | Construir | Farm |
| 21:21 | Construir | Farm |
| 21:27 | Crear | Villager (Male) |
| 21:27 | Crear | Villager (Male) |
| 21:40 | Construir | Farm |
| 21:40 | Construir | Farm |
| 21:41 | Construir | Farm |
| 22:08 | Crear | Villager (Male) |
| 22:08 | Crear | Villager (Male) |
| 22:09 | Crear | Villager (Male) |
| 22:09 | Crear | Villager (Male) |
| 22:13 | Crear | Conquistador |
| 22:32 | Crear | Villager (Male) |
| 22:34 | Crear | Villager (Male) |
| 22:40 | Crear | Conquistador |
| 23:02 | Crear | Villager (Male) |
| 23:03 | Crear | Villager (Male) |
| 23:11 | Construir | Farm |
| 23:11 | Construir | Farm |
| 23:11 | Construir | Farm |
| 23:11 | Construir | Farm |
| 23:11 | Construir | Farm |
| 23:12 | Construir | Farm |
| 23:26 | Construir | House |
| 23:28 | Construir | House |
| 23:29 | Construir | House |
| 23:30 | Construir | House |
| 23:45 | Crear | Conquistador |
| 23:46 | Crear | Villager (Male) |
| 23:46 | Crear | Villager (Male) |
| 23:46 | Crear | Villager (Male) |
| 24:06 | Crear | Villager (Male) |
| 24:06 | Crear | Villager (Male) |
| 24:06 | Crear | Villager (Male) |
| 24:08 | Crear | Conquistador |
| 24:26 | Construir | Farm |
| 24:37 | Construir | Farm |
| 24:37 | Construir | Farm |
| 24:38 | Construir | Farm |
| 24:38 | Construir | Farm |
| 24:38 | Construir | Farm |
| 24:38 | Construir | Farm |
| 24:53 | Crear | Villager (Male) |
| 24:54 | Crear | Villager (Male) |
| 24:54 | Crear | Villager (Male) |
| 24:54 | Crear | Villager (Male) |
| 24:56 | Crear | Conquistador |
| 25:34 | Construir | House |
| 25:36 | Construir | House |
| 25:41 | Crear | Villager (Male) |
| 25:41 | Crear | Villager (Male) |
| 25:41 | Crear | Villager (Male) |
| 25:43 | Crear | Conquistador |
| 26:07 | Construir | Barracks |
| 26:13 | Crear | Villager (Male) |
| 26:13 | Crear | Villager (Male) |
| 26:15 | Crear | Villager (Male) |
| 26:16 | Crear | Conquistador |
| 26:45 | Investigar | Scale Barding Armor |
| 26:58 | Investigar | Imperial Age |
| 27:07 | Construir | Stable |
| 27:09 | Crear | Conquistador |
| 27:34 | Construir | House |
| 27:34 | Construir | House |
| 27:34 | Construir | House |
Cronología de la partida
| 10:56 | KaiTakuSha · age_up feudal |
| 11:00 | BoomSex · age_up feudal |
| 12:07 | xiaorxl425 · age_up feudal |
| 12:38 | SemperBlender · age_up feudal |
| 14:26 | KaiTakuSha · age_up castle |
| 14:38 | KaiTakuSha · first_building Siege Workshop |
| 16:12 | xiaorxl425 · age_up castle |
| 16:16 | BoomSex · age_up castle |
| 16:33 | SemperBlender · age_up castle |
| 16:35 | SemperBlender · first_building Monastery |
| 17:11 | xiaorxl425 · first_building Castle |
| 17:45 | BoomSex · first_building Barracks |
| 19:53 | BoomSex · first_building Stable |
| 20:01 | KaiTakuSha · first_building Monastery |
| 21:48 | KaiTakuSha · first_building Barracks |
| 23:58 | BoomSex · first_building Castle |
| 24:19 | KaiTakuSha · first_building Archery Range |
| 25:07 | KaiTakuSha · first_building Castle |
| 26:04 | BoomSex · first_market_sell 500 wood |
| 26:07 | xiaorxl425 · first_building Barracks |
| 27:07 | xiaorxl425 · first_building Stable |
| 27:25 | SemperBlender · first_building Siege Workshop |
| 28:03 | KaiTakuSha · wall_segment Stone Wall x1 |
| 28:04 | KaiTakuSha · wall_segment Stone Wall x1 |
| 28:04 | KaiTakuSha · wall_segment Stone Wall x1 |
| 28:05 | KaiTakuSha · wall_segment Stone Wall x1 |
| 28:18 | SemperBlender · first_market_sell 500 food |
| 28:40 | KaiTakuSha · first_market_buy 100 wood |
| 29:01 | SemperBlender · age_up imperial |
| 29:36 | SemperBlender · first_building Castle |
| 30:08 | xiaorxl425 · age_up imperial |
| 30:26 | BoomSex · age_up imperial |
| 31:29 | KaiTakuSha · age_up imperial |
| 32:09 | KaiTakuSha · first_market_sell 500 wood |
| 32:38 | KaiTakuSha · first_building Stable |
| 34:04 | SemperBlender · first_market_buy 100 stone |
| 36:10 | SemperBlender · first_building Barracks |
| 45:01 | xiaorxl425 · wall_segment Stone Wall x5 |
| 46:06 | BoomSex · first_building Archery Range |
| 46:21 | xiaorxl425 · wall_segment Stone Wall x7 |
| 46:47 | KaiTakuSha · wall_segment Stone Wall x8 |
| 49:13 | KaiTakuSha · wall_segment Stone Wall x6 |
| 53:08 | KaiTakuSha · resign |
[ ANÁLISIS IA · 1 CRÉDITO ]
¿Qué pasó realmente en esta partida?
Wolo.gg analiza cada decisión: build order, eco, micro, errores típicos por bracket. Análisis personalizado por WhatsApp o Discord en 30 segundos.
Guía civ
Vietnamitas
Guía mapa
Arena
Perfil
KaiTakuSha